 Dungeon Crawl Stone Soup version 0.29.1-15-g9cfb28693d (webtiles) character file.

Game seed: 16996584271520016051

12193 protoss039 the Trooper (level 11, -10/86 HPs)
             Began as a Demonspawn Earth Elementalist on Mar 15, 2023.
             Was a Priest of Vehumet.
             Killed from afar by Jorgrun (55 damage)
             ... with an iron shot
             ... on level 14 of the Dungeon.
             The game lasted 00:23:28 (14948 turns).

protoss039 the Trooper (DsEE)                      Turns: 14948, Time: 00:23:29

Health: -10/86     AC: 14    Str: 14    XL:     11   Next: 59%
Magic:  8/21       EV: 10    Int: 20    God:    Vehumet [***...]
Gold:   868        SH:  9    Dex: 15    Spells: 9/24 levels left

rFire   . . .      SeeInvis .   S - +2 hand axe (elec)
rCold   . . .      Faith    .   Q - +0 kite shield
rNeg    . . .      Spirit   .   R - +0 acid dragon scales
rPois   .          Reflect  .   (helmet restricted)
rElec   .          Harm     .   t - scarf {shadows}
rCorr   +          Rampage  .   n - +0 pair of gloves
Will    .....                   (no boots)
Stlth   ++........              (no amulet)
HPRegen 0.24/turn               a - +6 ring of strength
MPRegen 0.17/turn               x - +4 ring of protection

@: no status effects
A: horns 1, rugged brown scales 1, ignite blood 1, powered by death 2
a: Renounce Religion


You were on level 14 of the Dungeon.
You worshipped Vehumet.
Vehumet was most pleased with you.
You visited 2 branches of the dungeon, and saw 13 of its levels.

You collected 868 gold pieces.

Inventory:

Hand Weapons
 f - a +1 vorpal sling
 E - a +0 war axe of flaming
 P - a +1 hand axe of draining
 S - a +2 hand axe of electrocution (weapon)
Armour
 n - a +0 pair of gloves (worn)
 t - a scarf of shadows (worn)
 Q - a +0 kite shield (worn)
 R - +0 acid dragon scales (worn)
 T - a +0 robe of willpower
 U - a +1 robe of cold resistance
Jewellery
 a - a +6 ring of strength (left hand)
 v - a ring of ice
 w - a ring of fire
 x - a +4 ring of protection (right hand)
 C - a ring of fire
Wands
 B - a wand of flame (11)
 G - a wand of mindburst (8)
 L - a wand of light (4)
 M - a wand of polymorph (9)
 V - a wand of roots (3)
Scrolls
 c - 5 scrolls of magic mapping
 g - 3 scrolls of enchant weapon
 h - 2 scrolls of identify
 i - 4 scrolls of fog
 j - 2 scrolls of enchant armour
 m - 2 scrolls of immolation
 o - a scroll of acquirement {unknown}
 p - 2 scrolls of blinking {unknown}
 r - 2 scrolls of teleportation
 s - a scroll of amnesia {unknown}
 y - a scroll of brand weapon {unknown}
 A - a scroll of poison {unknown}
 K - a scroll of noise {unknown}
 W - a scroll of summoning {unknown}
Potions
 b - 4 potions of magic
 d - a potion of cancellation {unknown}
 e - 4 potions of curing
 k - 2 potions of lignification {unknown}
 l - a potion of degeneration {unknown}
 q - 3 potions of haste {unknown}
 u - 3 potions of might
 z - 3 potions of heal wounds {unknown}
 D - 2 potions of flight
 F - 2 potions of brilliance {unknown}
 H - a potion of ambrosia {unknown}
 I - a potion of attraction {unknown}
 J - a potion of berserk rage {unknown}
 O - a potion of mutation {unknown}


   Skills:
 + Level 7.5 Fighting
 + Level 6.4 Armour
 - Level 3.0 Dodging
 - Level 3.0 Stealth
 * Level 3.1 Shields
 + Level 7.2 Spellcasting
 + Level 7.3 Conjurations
 - Level 3.0 Hexes
 * Level 2.1 Translocations
 * Level 2.3 Transmutations
 - Level 3.0 Fire Magic
 + Level 7.4 Earth Magic
 * Level 2.4 Evocations


You had 9 spell levels left.
You knew the following spells:

 Your Spells              Type           Power      Damage    Failure   Level
a - Sandblast             Erth           72%        2d16      1%          1
b - Passwall              Tmut/Erth      21%        N/A       9%          2
c - Stone Arrow           Conj/Erth      72%        3d11      1%          3
d - Inner Flame           Hex/Fire       19%        N/A       10%         3
e - Iskenderun's Mystic   Conj/Tloc      26%        2d7       16%         4
f - Wereblood             Tmut           16%        N/A       22%         2

Your spell library contained the following spells:

 Spells                   Type           Power      Damage    Failure   Level
 Beastly Appendage        Tmut           32%        N/A       16%         1
 Sting                    Tmut/Pois      44%        1d5       26%         1
 Blink                    Tloc           30%        N/A       26%         2
 Petrify                  Tmut/Erth      26%        N/A       47%         4
 Spider Form              Tmut/Pois      11%        N/A       58%         3


Dungeon Overview and Level Annotations

Branches:
Dungeon (11/15) Zot: 26837  Temple (1/1) D:6 Zot: 5980    Lair (0/5) D:10
    Orc (0/2) D:9

Altars:
Ashenzari
Cheibriados
Dithmenos
Fedhas
Gozag
Hepliaklqana
Kikubaaqudgha
Makhleb
Nemelex Xobeh
Okawaru
Qazlal
Ru
Sif Muna
Trog
Uskayaw
Vehumet
Wu Jian
Xom
Yredelemnul

Annotations:
D:14 Jorgrun


Innate Abilities, Weirdness & Mutations

You have a pair of small horns on your head.
You are partially covered in rugged brown scales. (AC +1, +3% HP)
Your demonic aura sometimes causes spilled blood to erupt in flames.
You regenerate health from kills.


Message History

Press: ? - help, Shift-Dir - straight line, f/p - Jorgrun
Aim: Jorgrun, wielding a staff of earth and wearing a +2 robe (lightly wounded, wandering, blind, hasn't noticed you, 57% to hit)
The stone arrow hits Jorgrun!!
Jorgrun is moderately wounded.
Unknown command.
Casting: Stone Arrow (safe; 1% risk of failure)
Confirm with . or Enter, or press ? or * to list all spells.
Aiming: Stone Arrow (safe; 1% risk of failure)
Press: ? - help, Shift-Dir - straight line, f/p - Jorgrun
Aim: Jorgrun, wielding a staff of earth and wearing a +2 robe (moderately wounded, wandering, blind, hasn't noticed you, 57% to hit)
The stone arrow hits Jorgrun!
Jorgrun is moderately wounded.
Jorgrun is no longer blind.
Jorgrun mutters some incantations to himself.
Jorgrun closely misses you.
Unknown command.
Aiming: Bolt of Light
Press: ? - help, Shift-Dir - straight line, f/p - Jorgrun
Aim: Jorgrun, wielding a staff of earth and wearing a +2 robe (moderately wounded, 53% to hit)
The bolt of light misses Jorgrun.
Jorgrun hits you with a staff of earth. Jorgrun shatters you!
Unknown command.
Aiming: Bolt of Light
Press: ? - help, Shift-Dir - straight line, f/p - Jorgrun
Aim: Jorgrun, wielding a staff of earth and wearing a +2 robe (moderately wounded, 53% to hit)
The bolt of light hits Jorgrun!!
Jorgrun is heavily wounded.
Jorgrun is blinded.
You block Jorgrun's attack.
You slash Jorgrun! Lightning courses through Jorgrun!!
Jorgrun is severely wounded.
Jorgrun hits you with a staff of earth! Jorgrun barely misses you.
Unknown command.
You catch the helpless Jorgrun completely off-guard!
You hit Jorgrun. You headbutt Jorgrun, but do no damage.
Jorgrun is severely wounded.
Jorgrun mutters some incantations to himself.
Jorgrun casts a spell at you. The iron shot hits you!!!
Ouch! That really hurt!
You die...

*,* ***+******
#........# #......<.#
#........#
***********#........#
,,,,,,,,,,,+.$......#
***********#....g...#
#....@...# #...(☼...#
######'### #.# #.#
#.## #..# ##.#
####'###


You could see Jorgrun (blind).

Vanquished Creatures
  A two-headed ogre (D:9)
  2 centaur warriors
  Pikel (D:10)
  An oklob plant (D:10)
  5 ugly things
  Joseph (D:10)
  A gargoyle (D:11)
  Maggie (D:9)
  Psyche (D:9)
  A komodo dragon (D:11)
  A kobold demonologist (D:8)
  2 trolls
  A hornet (D:8)
  A shadow (D:11)
  A vampire (D:11)
  3 wraiths (D:9)
  A steam dragon (D:10)
  3 acid dragons
  2 water moccasins
  5 orc warriors
  An ice beast (D:7)
  A sky beast (D:7)
  An ogre (D:5)
  A phantom (D:4)
  A kobold brigand (D:8)
  A lemure (D:8)
  4 bullfrogs
  3 gnoll sergeants
  8 scorpions
  Blork the orc (D:6)
  6 wights
  9 killer bees
  An oklob sapling (D:10)
  3 howler monkeys (D:10)
  4 hounds
  3 orc priests
  3 jellies
  5 iguanas
  7 orc wizards
  12 gnolls
  9 adders
  3 shadow imps (D:7)
  6 white imps
  An ufetubus (D:5)
  2 worms (D:3)
  2 dart slugs
  25 orcs
  4 bats
  9 endoplasms
  2 giant cockroaches (D:4)
  9 goblins
  7 hobgoblins
  3 jackals (D:1)
  A quokka (D:4)
  16 ball pythons
  6 frilled lizards
  16 kobolds
  7 rats
238 creatures vanquished.

Vanquished Creatures (others)
  A cyclops (D:14)
  15 plants
16 creatures vanquished.

Grand Total: 254 creatures vanquished

Notes
Turn   | Place    | Note
-------+----------+-------------------------------------------
     0 | D:1      | protoss039 the Demonspawn Earth Elementalist began the
                  | quest for the Orb.
     0 | D:1      | Reached XP level 1. HP: 13/13 MP: 3/3
   336 | D:1      | Gained mutation: You regenerate a little health from kills.
                  | [demonic ancestry]
   336 | D:1      | Reached XP level 2. HP: 20/20 MP: 3/5
   508 | D:1      | Reached skill level 1 in Fighting
  1094 | D:1      | Learned a level 2 spell: Passwall
  1168 | D:2      | Gained mutation: You are partially covered in rugged brown
                  | scales. (AC +1, +3% HP) [demonic ancestry]
  1168 | D:2      | Reached XP level 3. HP: 21/26 MP: 6/6
  1515 | D:2      | Found a faded altar of an unknown god.
  1622 | D:2      | Learned a level 3 spell: Stone Arrow
  1713 | D:3      | Reached XP level 4. HP: 30/33 MP: 2/8
  1868 | D:3      | Found a blossoming altar of Fedhas.
  1881 | D:3      | Reached skill level 1 in Armour
  2245 | D:3      | Found a basalt altar of Yredelemnul.
  2247 | D:3      | Noticed a profane servitor
  2258 | D:3      | Reached skill level 1 in Conjurations
  2471 | D:3      | Found a sacrificial altar of Ru.
  2498 | D:3      | Found an ornate altar of the Wu Jian Council.
  2785 | D:3      | Noticed an angel
  2994 | D:4      | Noticed a scorpion
  3230 | D:4      | Gained mutation: You have a pair of small horns on your
                  | head. [demonic ancestry]
  3230 | D:4      | Reached XP level 5. HP: 26/39 MP: 3/9
  3580 | D:4      | Noticed a phantom
  3942 | D:4      | Killed a phantom
  4188 | D:4      | Reached XP level 6. HP: 21/47 MP: 8/10
  4649 | D:5      | Entered Level 5 of the Dungeon
  4801 | D:5      | Gained mutation: Your demonic aura sometimes causes spilled
                  | blood to erupt in flames. [demonic ancestry]
  4801 | D:5      | Reached XP level 7. HP: 27/53 MP: 6/12
  4880 | D:5      | Found an opulent altar of Gozag.
  4901 | D:5      | Identified the +0 ring mail "Woorag" {rC+ rCorr Str-5}
  5164 | D:5      | Found a bloodstained altar of Trog.
  5343 | D:5      | Found a shimmering blue altar of Sif Muna.
  5347 | D:5      | Got Sif Muna's Tome of Shifting
  5660 | D:5      | Gained mutation: You regenerate health from kills. [demonic
                  | ancestry]
  5660 | D:5      | Reached XP level 8. HP: 61/61 MP: 5/14
  5861 | D:5      | Found a hazy altar of Hepliaklqana.
  5941 | D:6      | Found a staircase to the Ecumenical Temple.
  5976 | Temple   | Entered the Ecumenical Temple
  5990 | Temple   | Became a worshipper of Vehumet
  6268 | D:6      | Noticed Blork the orc
  6271 | D:6      | Killed Blork the orc
  6677 | D:7      | Noticed a +0 short sword
  6677 | D:7      | Noticed a +0 dagger
  6677 | D:7      | Noticed a +0 spear
  6677 | D:7      | Noticed a +0 short sword
  6677 | D:7      | Noticed a +0 falchion
  6677 | D:7      | Noticed a +0 falchion
  6677 | D:7      | Noticed a +0 dagger
  6678 | D:7      | Noticed a +0 spear
  6681 | D:7      | Found a hide-covered altar of Uskayaw.
  6772 | D:7      | Reached skill level 5 in Earth Magic
  7414 | D:6      | Reached skill level 5 in Spellcasting
  7730 | D:7      | Reached * piety under Vehumet
  7730 | D:7      | Offered knowledge of Shock by Vehumet.
  7741 | D:7      | Reached skill level 5 in Fighting
  8318 | D:8      | Reached XP level 9. HP: 70/70 MP: 12/16
  8527 | D:8      | Reached skill level 5 in Conjurations
  9222 | D:8      | Noticed Pikel
  9520 | D:8      | Reached skill level 5 in Armour
  9700 | D:9      | Found a staircase to the Orcish Mines.
  9819 | D:9      | Reached ** piety under Vehumet
  9823 | D:9      | Noticed a kobold demonologist
  9825 | D:9      | Noticed an ice devil
  9847 | D:9      | Offered knowledge of Foxfire by Vehumet.
  9992 | D:8      | Noticed a red devil
  9995 | D:8      | Noticed an ice devil
 10237 | D:8      | Killed a kobold demonologist
 10462 | D:9      | Noticed a two-headed ogre
 10462 | D:9      | Noticed Psyche
 10465 | D:9      | Killed a two-headed ogre
 10497 | D:9      | Reached XP level 10. HP: 63/78 MP: 6/19
 10857 | D:9      | Killed Psyche
 11174 | D:9      | Noticed Maggie
 11183 | D:9      | Killed Maggie
 11751 | D:9      | Found a broken altar of Ashenzari.
 12391 | D:10     | Entered Level 10 of the Dungeon
 12679 | D:10     | Offered knowledge of Inner Flame by Vehumet.
 12686 | D:10     | Learned a level 3 spell: Inner Flame
 12752 | D:10     | Killed Pikel
 12753 | D:10     | Reached skill level 1 in Hexes
 12829 | D:10     | Noticed a centaur warrior
 12835 | D:10     | Killed a centaur warrior
 12836 | D:10     | Reached skill level 1 in Shields
 12836 | D:10     | Reached skill level 1 in Fire Magic
 12965 | D:10     | Noticed Joseph
 12977 | D:10     | Killed Joseph
 13120 | D:10     | Reached *** piety under Vehumet
 13408 | D:10     | Offered knowledge of Iskenderun's Mystic Blast by Vehumet.
 13414 | D:10     | Learned a level 4 spell: Iskenderun's Mystic Blast
 13427 | D:10     | Found a staircase to the Lair.
 13614 | D:10     | Noticed an oklob plant
 13624 | D:10     | Reached XP level 11. HP: 71/86 MP: 21/21
 13687 | D:10     | Killed an oklob plant
 13688 | D:10     | Reached skill level 1 in Transmutations
 13838 | D:10     | Got the Folio of Nature
 13853 | D:10     | Learned a level 2 spell: Wereblood
 14008 | D:11     | Noticed a red ugly thing
 14013 | D:11     | Killed a red ugly thing
 14396 | D:11     | Reached skill level 1 in Translocations
 14652 | D:11     | Reached skill level 1 in Evocations
 14794 | D:11     | You fall into a shaft and drop 3 floors!
 14805 | D:14     | Noticed a red ugly thing
 14806 | D:14     | Noticed a red ugly thing
 14806 | D:14     | Noticed a red ugly thing
 14806 | D:14     | Noticed a red ugly thing
 14806 | D:14     | Noticed a centaur warrior
 14818 | D:14     | Killed a red ugly thing
 14822 | D:14     | Killed a white ugly thing
 14825 | D:14     | Killed a centaur warrior
 14828 | D:14     | Killed a green ugly thing
 14831 | D:14     | Killed a green ugly thing
 14938 | D:14     | Noticed Jorgrun
 14948 | D:14     | Killed from afar by Jorgrun

Illustrated notes

Levels and vault maps discovered:
D:1:      roderic_chinese_lattice_arrival, layout_loops_ring, fountainhead,
          hangedman_decor_clover_reticule, serial_bayou_ford_a, minmay_unequal
D:2:      layout_basic, ebering_ecumenical_altar_rust
D:3:      layout_loops_corners, grunt_temple_overflow_holy_war, fedhas_altar_1,
          minitemple, minmay_misc_feat_encased, mrwooster_statue_mirror
D:4:      layout_loops_corners, chequers_serial_rivers_room_b,
          grunt_ministairs_6
D:5:      layout_rooms, nzn_overflow_gifts_of_might_and_magic,
          lemuel_doored_altar, nicolae_hepliaklqana_hippocampus,
          corexii_hall_statues_x
D:6:      layout_basic, minmay_temple_entry_sparse_star, uniq_blork_the_orc
D:7:      layout_loops_cross, nicolae_uskayaw_en_pointe
D:8:      corexii_shack_village, layout_cave_pods, minmay_holes, uniq_pikel
D:9:      wad_crossroads, layout_basic, mainiacjoe_overflow_alcove_2,
          uniq_psyche, uniq_maggie
D:10:     layout_loops_cross, lair_entry_dummy, introduction_to_nature_2,
          uniq_joseph
D:11:     layout_basic
D:14:     layout_roguey, gauntlet_entry_generic, bh_walls_and_bars,
          gammafunk_ghost_hive, uniq_jorgrun
Temple:   minmay_freezing_vapour_temple

Skill      XL: |  1  2  3  4  5  6  7  8  9 10 11 |
---------------+----------------------------------+-----
Fighting       | 1 2 3 5 6 7 |  7.5
Earth Magic    | 3 4 5 6 7 |  7.4
Armour         | 1 2 3 4 5 6 |  6.4
Conjurations   | 1 2 3 4 5 7 |  7.3
Spellcasting   | 3 4 5 6 7 |  7.2
Dodging        | 3 |  3.0
Stealth        | 3 |  3.0
Hexes          | 2 3 |  3.0
Shields        | 1 3 |  3.1
Fire Magic     | 1 3 |  3.0
Transmutations | 2 |  2.3
Translocations | 2 |  2.1
Evocations     | 2 |  2.4

Action                   |  1- 3 |  4- 6 |  7- 9 | 10-12 || total
-------------------------+-------+-------+-------+-------++-------
Melee: Hand axe          |     5 |    18 |    37 |    14 ||    74
       Headbutt          |       |     9 |    14 |     4 ||    27
       Short sword       |       |       |    28 |       ||    28
       Unarmed           |       |       |     9 |     2 ||    11
 Fire: Sling             |    51 |    71 |       |       ||   122
 Cast: Sandblast         |    28 |    50 |    77 |    63 ||   218
       Stone Arrow       |       |       |    87 |    99 ||   186
       Passwall          |       |       |     1 |     2 ||     3
Evoke: Wand              |       |       |     5 |    24 ||    29
  Use: Scroll            |       |     7 |     5 |     2 ||    14
       Potion            |       |     3 |     2 |       ||     5
 Stab: Sleeping          |       |       |     1 |     1 ||     2
       Invisible         |       |       |       |     1 ||     1
Armor: Robe              |    16 |     3 |       |       ||    19
       Leather armour    |       |    35 |     1 |       ||    36
       Ring mail         |       |       |    69 |       ||    69
       Skin              |       |       |     4 |       ||     4
       Acid dragon scale |       |       |       |    35 ||    35
Dodge: Dodged            |    37 |    70 |   108 |    31 ||   246
Block: Kite shield       |       |       |    13 |    27 ||    40
